AoeStats
← [CL] Al3jandr0.magn00

MegaRandom

503645469Analyzed
1v1 RM · 1mo ago on Sep 1, 2026· 28m 47s· 2 players
Game mode
Random Map
Map size
Tiny (2 player)
Population
200
Speed
Normal
Resources
Standard
Victory
Conquest
Starting age
Dark Age
Ending age
Imperial Age
RankedLock teamsTeams togetherTeam positionsShared explorationLock speedFull tech treeHidden civsTurbo modeCheats
Victory
Defeat
🇦🇷 Persians · Argentina
1895
+21
🇩🇪 Saracens · Germany
2010
-21
GimilMarduk
12:08 Feudal Age
15:46 Castle Age
13:53 Loom
14:23 Double-Bit Axe
14:27 Horse Collar
16:45 Bow Saw
17:00 Padded Archer Armor
19:25 Horse Collar
[CL] Al3jandr0.magn00
9:06 Loom
11:18 Feudal Age
15:11 Castle Age
13:44 Fletching
13:50 Double-Bit Axe
14:16 Horse Collar
15:37 Bodkin Arrow
18:22 Town Watch
23:07 Wheelbarrow
27:15 Husbandry
27:38 Bloodlines
Connection lost

Rejoining the realm…

Still unreachable

The connection could not be restored.

Session expired

The server has moved on; the page needs a fresh start.